 Dungeon Crawl Stone Soup version 0.31.0-9-g3a7656b989 (webtiles) character file.

Game seed: 3530518097263624363

322 qw the Skirmisher (level 6, 0/35 HPs)
             Began as a Deep Elf Hunter on Feb 2, 2024.
             Slain by a gnoll sergeant
             ... wielding a +2 spear of distortion
              (9 damage)
             ... on level 4 of the Dungeon.
             The game lasted 00:00:10 (2291 turns).

qw the Skirmisher (Deep Elf Hunter)                 Turns: 2291, Time: 00:00:11

Health: 0/35       AC:  9    Str: 10    XL:     6   Next: 22%
Magic:  8/8        EV:  8    Int: 14    God:
Gold:   181        SH:  0    Dex: 18    Spells: 5/5 levels left

rFire   x x .        a - +0 shortbow (flame)
rCold   + + +        (shield currently unavailable)
rNeg    . . .        c - +0 ice dragon scales
rPois   .            (no helmet)
rElec   .            (no cloak)
rCorr   .            (no gloves)
SInv    .            (no boots)
Will    .....        (no amulet) Stlth
                     f - ring of ice
HPRegen 0.25/turn    (no ring)
MPRegen 0.11/turn

%: no passive effects
@: no status effects
A: no striking features
a: no special abilities


You were on level 4 of the Dungeon.
You visited 1 branch of the dungeon, and saw 4 of its levels.

You collected 204 gold pieces.
You spent 23 gold pieces at shops.


   Skills:
 - Level 2.0 Fighting
 + Level 9.1 Ranged Weapons
 - Level 1.7 Armour
 - Level 2.4 Dodging
 - Level 1.2 Stealth


You had 5 spell levels left.
You didn't know any spells.
Your spell library was empty.

Inventory:

Hand Weapons
 a - a +0 shortbow of flaming (weapon)
Armour
 c - +0 ice dragon scales (worn)
 g - a +0 ring mail
Jewellery
 f - a ring of ice (left hand)
Potions
 d - a potion of heal wounds
 e - 2 potions of enlightenment
 h - a potion of berserk rage {unknown}
 j - a potion of lignification {unknown}
 k - a potion of brilliance {unknown}

Dungeon Overview and Level Annotations

Branches:
Dungeon (4/15)
 Temple: D:4-7

Altars:
Xom

Shops:
D:1 =[**   D:2 (


Message History

A gnoll comes into view. It is wielding a +0 whip. x2
Enter note:
Enter note:
Enter note:
Enter note:
2282 ||| RETREEEEATING.
Enter note:
Enter note:
Enter note:
Enter note:
2283 ||| RETREEEEATING.
You hear the rusting of a very distant drain.
You shoot an arrow. The arrow barely misses the gnoll.
You shoot an arrow. The gnoll shouts!
The arrow hits the gnoll sergeant but does no damage.
You hear a shout!
You shoot an arrow. The arrow hits the gnoll.
The arrow burns the gnoll.
The gnoll is moderately wounded.
You shoot an arrow. The arrow hits the gnoll!
The arrow burns the gnoll.
You kill the gnoll!
You shoot an arrow. The arrow hits the gnoll sergeant.
The arrow burns the gnoll sergeant.
The gnoll sergeant is lightly wounded.
You shoot an arrow. The arrow hits the gnoll sergeant.
The arrow burns the gnoll sergeant.
The gnoll sergeant is heavily wounded.
The gnoll sergeant closely misses you.
The gnoll sergeant hits you from afar with a +2 spear of distortion!
Space warps around you.
You shoot an arrow.
The arrow closely misses the gnoll sergeant.
The gnoll shouts!
The gnoll sergeant hits you but does no damage.
Space warps horribly around you!
You shoot an arrow. The arrow hits the gnoll sergeant.
The arrow burns the gnoll sergeant.
The gnoll sergeant is severely wounded.
The gnoll sergeant hits you from afar with a +2 spear of distortion!
You die...

### ##...# ###......
.##### ##.........
#..<..### #...~~~~~~~
#.......#####.....~~~~~~
.........@.##...8...._~~.
.......g##........~~~~~~..
.........####...~~~~~~~...
.........# ##............
.........# #.(..........
.. ......g...
##........... ..
..........# #...........
.# ..........#
##.......... .#
.g.g....... #..........


You could see a gnoll sergeant.

Vanquished Creatures
  A phantom (D:4)
  A bombardier beetle (D:3)
  Natasha (thrice) (D:2)
  4 gnolls (D:4)
  3 adders
  A dart slug (D:1)
  A ribbon worm (D:3)
  An orc (D:3)
  2 bats
  7 endoplasms
  6 giant cockroaches
  8 goblins
  6 hobgoblins
  3 jackals (D:3)
  5 kobolds
  6 quokkas
  5 ball pythons
  5 frilled lizards
  11 rats
79 creatures vanquished.

Notes
Turn   | Place    | Note
-------+----------+-------------------------------------------
     0 | D:1      | qw the Deep Elf Hunter began the quest for the Orb.
     0 | D:1      | Reached XP level 1. HP: 12/12 MP: 3/3
     0 | D:1      | 0 ||| qw: Version: 0.3-a-155-g5e7d8dd
     0 | D:1      | 0 ||| qw: Game counter: 593
     0 | D:1      | 0 ||| qw: Melee chars always use a shield: true
     0 | D:1      | 0 ||| qw: God list: Okawaru
     0 | D:1      | 0 ||| qw: Allow faded altars: false
     0 | D:1      | 0 ||| qw: Do Orc after clearing Dungeon:15 true
     0 | D:1      | 0 ||| qw: Do second Lair branch before Depths: true
     0 | D:1      | 0 ||| qw: Lair rune preference: random
     0 | D:1      | 0 ||| qw: Goals: Normal
     0 | D:1      | 0 ||| PLANNING D:1-11
   102 | D:1      | Found Cithrusau's Assorted Antiques.
   107 | D:1      | Reached skill level 6 in Ranged Weapons
   107 | D:1      | Reached XP level 2. HP: 16/16 MP: 4/4
   111 | D:1      | 111 ||| SHOPLISTING embroidered robe (85 gold, have 23).
   111 | D:1      | 111 ||| SHOPLISTING encrusted wooden wand (92 gold, have
                  | 23).
   111 | D:1      | 111 ||| SHOPLISTING masterwork scale mail (207 gold, have
                  | 23).
   111 | D:1      | 111 ||| SHOPLISTING pair of boots (103 gold, have 23).
   111 | D:1      | 111 ||| BUYING scroll labelled KEZECASMUE (23 gold).
   111 | D:1      | Bought a scroll labelled KEZECASMUE for 23 gold pieces
   111 | D:1      | 111 ||| SHOPLISTING scroll labelled NOKO FIEKERIPRO (23
                  | gold, have 0).
   111 | D:1      | 111 ||| SHOPLISTING scroll labelled VAOQ ZAECZUSEX (23
                  | gold, have 0).
   111 | D:1      | 111 ||| SHOPLISTING scroll labelled VITUXT TOIRIU (23 gold,
                  | have 0).
   160 | D:1      | Found Xeot's Assorted Antiques.
   169 | D:1      | 169 ||| SHOPLISTING 2 fuming coppery potions (52 gold, have
                  | 0).
   169 | D:1      | 169 ||| SHOPLISTING black potion (26 gold, have 0).
   169 | D:1      | 169 ||| SHOPLISTING blackened pearl ring (145 gold, have
                  | 0).
   169 | D:1      | 169 ||| SHOPLISTING glowing ring mail (203 gold, have 0).
   169 | D:1      | 169 ||| SHOPLISTING scroll labelled TUD BODGHASIGO (29
                  | gold, have 0).
   701 | D:1      | Found Ilauve's Jewellery Shop.
   710 | D:1      | 710 ||| SHOPLISTING amulet of faith (520 gold, have 66).
   710 | D:1      | 710 ||| SHOPLISTING ring "Kuizidy" {rN+ Will+ Int-4 Dex+4}
                  | (423 gold, have 66).
   710 | D:1      | 710 ||| SHOPLISTING ring of ice (325 gold, have 66).
   710 | D:1      | 710 ||| SHOPLISTING ring of resist corrosion (260 gold,
                  | have 66).
   717 | D:1      | Reached XP level 3. HP: 20/20 MP: 5/5
   782 | D:1      | Found Weinem's Antique Armour Shop.
   790 | D:1      | 790 ||| SHOPLISTING embroidered robe (81 gold, have 66).
   790 | D:1      | 790 ||| SHOPLISTING ring mail (88 gold, have 66).
   946 | D:1      | 946 ||| READING scroll labelled KEZECASMUE.
   946 | D:1      | 946 ||| IDENTIFYING sedimented black potion
   947 | D:1      | 947 ||| READING scroll labelled CYRAOFFAJUI.
   947 | D:1      | 947 ||| BRANDING +0 shortbow.
   948 | D:1      | 948 ||| READING scroll labelled ROMIGI GYNWAE.
   949 | D:1      | 949 ||| DRINKING 2 fuming sapphire potions.
   950 | D:1      | 950 ||| DROPPING scroll of butterflies.
   951 | D:1      | 951 ||| DROPPING potion of invisibility.
  1007 | D:2      | Noticed Natasha
  1010 | D:2      | 1010 ||| RETREEEEATING.
  1018 | D:2      | Killed Natasha
  1019 | D:2      | Reached skill level 7 in Ranged Weapons
  1065 | D:2      | Noticed Natasha
  1066 | D:2      | 1066 ||| FLEEEEING.
  1127 | D:2      | Reached XP level 4. HP: 25/25 MP: 6/6
  1279 | D:2      | Killed Natasha
  1304 | D:2      | Reached skill level 8 in Ranged Weapons
  1369 | D:2      | Noticed Natasha
  1374 | D:2      | Killed Natasha
  1399 | D:2      | Found Efifagem's Antique Weapon Boutique.
  1444 | D:2      | Reached XP level 5. HP: 29/29 MP: 7/7
  1485 | D:2      | 1485 ||| UPGRADING to +0 ring mail.
  1495 | D:2      | 1495 ||| DROPPING +0 leather armour.
  1496 | D:2      | 1496 ||| READING scroll of identify.
  1496 | D:2      | 1496 ||| IDENTIFYING sapphire potion
  1497 | D:2      | 1497 ||| READING scroll labelled REPSALL MAUC.
  1803 | D:3      | Reached skill level 9 in Ranged Weapons
  2028 | D:3      | 2028 ||| UPGRADING to +0 ice dragon scales.
  2038 | D:3      | 2038 ||| UPGRADING to ring of ice.
  2039 | D:3      | 2039 ||| READING scroll labelled HITYRE HUEMIE.
  2040 | D:3      | 2040 ||| READING scroll labelled TUD BODGHASIGO.
  2041 | D:3      | 2041 ||| READING scroll labelled SONUVOIWYT.
  2042 | D:3      | 2042 ||| DRINKING 3 puce potions.
  2078 | D:4      | 2078 ||| PLANNING SEWER
  2135 | D:4      | Noticed a phantom
  2136 | D:4      | 2136 ||| DRINKING potion of haste.
  2145 | D:4      | Killed a phantom
  2146 | D:4      | Reached skill level 1 in Armour
  2146 | D:4      | Reached XP level 6. HP: 35/35 MP: 8/8
  2265 | D:4      | Found a shimmering altar of Xom.
  2282 | D:4      | 2282 ||| RETREEEEATING.
  2283 | D:4      | 2283 ||| RETREEEEATING.
  2291 | D:4      | Slain by a gnoll sergeant

Levels and vault maps discovered:
D:1:      elethiomel_arrival_diamonds, layout_loops_corners, serial_shops, shop,
          shop, shop, shop
D:2:      layout_rooms, serial_shops, shop, serial_curves, eino_curves_01,
          eino_curves_04, eino_curves_04, uniq_natasha
D:3:      layout_rooms, serial_bayou_ford_a, minmay_misc_feat_nine_boxes
D:4:      layout_cave_pods, mainiacjoe_overflow_catwalk,
          cheibrodos_sewer_entry_bend, uniq_sigmund, uniq_grinder

Skill      XL: |  1  2  3  4  5  6 |
---------------+-------------------+-----
Ranged Weapons | 6 7 8 9 |  9.1
Armour         | 1 |  1.7
Fighting       | 2 |  2.0
Dodging        | |  2.4
Stealth        | |  1.2

Action                     |  1- 3 |  4- 6 || total
---------------------------+-------+-------++-------
   Fire: Shortbow          |    93 |   108 ||   201
    Use: Scroll            |     3 |     5 ||     8
         Potion            |     1 |     2 ||     3
 Armour: Leather armour    |    11 |     3 ||    14
         Ice dragon scales |       |     8 ||     8
         Ring mail         |       |     1 ||     1
  Dodge: Dodged            |    23 |     7 ||    30

Table legend:
 A = Non-vault XP
 B = Vault XP
 C = Vault XP percentage of total XP
 D = Non-vault monster count
 E = Vault monster count
 F = Vault count percentage of total count
                 A         B        C        D         E       F
            +---------+---------+-------+---------+---------+-------
      Total |     416 |      45 |   9.8 |      71 |       8 |  10.1
            +---------+---------+-------+---------+---------+-------
        D:1 |      34 |      10 |  22.7 |      20 |       7 |  25.9
        D:2 |     120 |      35 |  22.6 |      20 |       1 |   4.8
        D:3 |     101 |       0 |   0.0 |      24 |       0 |   0.0
        D:4 |     161 |       0 |   0.0 |       7 |       0 |   0.0
            +---------+---------+-------+---------+---------+-------
